 Dungeon Crawl Stone Soup version 0.30-a0-782-ge64f9170bb (webtiles) character file.

Game seed: 13636126058763088973

346 senseless the Insei (level 6, -3/46 HPs)
             Began as a Demonspawn Transmuter on Mar 7, 2023.
             Was a Follower of Qazlal.
             Slain by an iguana (10 damage)
             ... on level 4 of the Dungeon.
             The game lasted 00:07:35 (2982 turns).

senseless the Insei (Demonspawn Transmuter)         Turns: 2982, Time: 00:07:36

Health: -3/46      AC:  7    Str: 12    XL:     6   Next: 32%
Magic:  10/10      EV: 13    Int: 15    God:    Qazlal [*.....]
Gold:   216        SH:  5    Dex: 13    Spells: 8/11 levels left

rFire   . . .      SeeInvis .      - Unarmed
rCold   . . .      Faith    .    (no shield)
rNeg    . . .      Spirit   .    a - +0 robe
rPois   .          Reflect  .    c - +0 helmet
rElec   .          Harm     .    (no cloak)
rCorr   .          Rampage  .    (no gloves)
Will    .....                    (no boots)
Stlth   +                        (no amulet)
HPRegen 0.27/turn                (no ring)
MPRegen 0.12/turn                (no ring)

@: no status effects
A: claws 1, icemail 1, condensation shield
a: Renounce Religion


You were on level 4 of the Dungeon.
You worshipped Qazlal.
Qazlal was aware of your devotion.
You visited 1 branch of the dungeon, and saw 4 of its levels.

You collected 216 gold pieces.

Inventory:

Armour
 a - a +0 robe (worn)
 c - a +0 helmet (worn)
Scrolls
 e - a scroll of teleportation
 g - a scroll of enchant weapon
Potions
 b - 2 potions of brilliance
 d - a potion of flight
 f - 2 potions of might
 h - a potion of degeneration {unknown}


   Skills:
 + Level 2.9 Fighting
 + Level 3.1 Dodging
 + Level 3.7 Unarmed Combat
 + Level 3.2 Spellcasting
 + Level 3.1 Transmutations


You had 8 spell levels left.
You knew the following spells:

 Your Spells              Type           Power      Damage    Failure   Level
a - Beastly Appendage     Tmut           22%        N/A       5%          1
b - Wereblood             Tmut           11%        N/A       9%          2

Your spell library contained the following spells:

 Spells                   Type           Power      Damage    Failure   Level
 Spider Form              Tmut/Pois      7%         N/A       30%         3
 Dazzling Flash           Conj/Hex       4%         N/A       52%         3
 Ice Form                 Ice/Tmut       7%         N/A       71%         4
 Agony                    Necr           2%         N/A       99%         5
 Silence                  Hex/Air        1%         N/A       99%         5


Dungeon Overview and Level Annotations

Branches:
Dungeon (4/15)
 Temple: D:4-7

Altars:
Okawaru
Qazlal
Vehumet


Innate Abilities, Weirdness & Mutations

You have sharp fingernails.
A meltable icy envelope protects you from harm. (AC +4)
A meltable shield of frost defends you. (SH +4)


Message History

The gnoll shouts!
You hear an angry hiss.
A gnoll comes into view. It is wielding a +0 whip.
You scratch the ball python.
You kill the ball python!
Qazlal accepts your kill.
You scratch the hobgoblin.
You kill the hobgoblin!
Qazlal accepts your kill.
You are now surrounded by a storm.
Your transformation is almost over.
An iguana comes into view.
The gnoll hits you from afar with a +0 spear.
The gnoll barely misses you. The gnoll attacks as you move away!
You block the gnoll's attack.
The gnoll hits you from afar with a +0 spear.
You block the gnoll's attack. The gnoll hits you with a +0 whip.
You closely miss the gnoll. Your kick misses the gnoll.
The gnoll hits you with a +0 spear. You block the gnoll's attack.
You claw the gnoll! You claw the gnoll. Your headbutt misses the gnoll.
The gnoll is severely wounded.
Your horns disappear.
Your talons disappear.
Your +0 helmet unmelds from your body.
You block the gnoll's attack. The gnoll barely misses you.
A gnoll comes into view.
It is wielding a +2 flail of protection.
The gnoll shouts!
You scratch the gnoll.
You kill the gnoll!
Qazlal accepts your kill. The gnoll closely misses you.
The iguana attacks as you move away! The iguana bites you!
The gnoll hits you with a +0 whip. The iguana attacks as you move away!
The iguana bites you but does no damage.
The iguana attacks as you move away! The iguana closely misses you.
The iguana bites you!
* * * LOW HITPOINT WARNING * * *
The gnoll misses you. The gnoll attacks as you move away!
The gnoll hits you with a +0 whip.
* * * LOW HITPOINT WARNING * * *
The iguana attacks as you move away! The iguana bites you!
You die...

#.................
#.................
#####..##.###..##...#
##..##..##.###..## # ..
#............)...# #.#
#................# ...
#................+
#.#.####..##...gl......#
.....##..##.g..@.....##
#>#.#..)..##..##.###..#
..........######.####+#
.#.#.................#
......................+
......................#
.####...####..#########
#...# #### .....


You could see an iguana and 2 gnolls.

Vanquished Creatures
  A phantom (D:3)
  The ghost of caveywoolpert the Digger, an amateur DsEE (D:3)
  An orc priest (D:3)
  A jelly (D:4)
  4 gnolls
  2 adders
  2 dart slugs
  6 orcs
  6 ball pythons
  6 bats
  6 endoplasms
  3 giant cockroaches
  8 goblins
  5 hobgoblins
  3 jackals (D:1)
  3 quokkas
  5 frilled lizards
  4 kobolds
  2 rats
69 creatures vanquished.

Notes
Turn   | Place    | Note
-------+----------+-------------------------------------------
     0 | D:1      | senseless the Demonspawn Transmuter began the quest for the
                  | Orb.
     0 | D:1      | Reached XP level 1. HP: 15/15 MP: 3/3
   168 | D:1      | Gained mutation: You have sharp fingernails. [demonic
                  | ancestry]
   168 | D:1      | Reached XP level 2. HP: 10/21 MP: 5/5
   470 | D:1      | Reached XP level 3. HP: 18/26 MP: 4/6
  1018 | D:2      | Gained mutation: A meltable shield of frost defends you.
                  | (SH +4) [demonic ancestry]
  1018 | D:2      | Reached XP level 4. HP: 5/33 MP: 5/7
  1355 | D:2      | Found a stormy altar of Qazlal.
  1380 | D:2      | Became a worshipper of Qazlal Stormbringer
  1625 | D:3      | Noticed a phantom
  1868 | D:3      | Found a radiant altar of Vehumet.
  1877 | D:3      | Learned a level 2 spell: Wereblood
  1925 | D:3      | Found a runed translucent door.
  1929 | D:3      | Noticed caveywoolpert's ghost (amateur DsEE)
  2009 | D:3      | Found an iron altar of Okawaru.
  2101 | D:3      | Killed a phantom
  2102 | D:3      | Gained mutation: A meltable icy envelope protects you from
                  | harm. (AC +4) [demonic ancestry]
  2102 | D:3      | Reached XP level 5. HP: 25/39 MP: 7/9
  2589 | D:3      | Killed caveywoolpert's ghost
  2590 | D:3      | Reached XP level 6. HP: 5/46 MP: 10/10
  2962 | D:4      | Reached * piety under Qazlal
  2982 | D:4      | Slain by an iguana

Illustrated notes

Levels and vault maps discovered:
D:1:      kennysheep_arrival_seaside, layout_rooms
D:2:      layout_rooms, basic_altar
D:3:      layout_basic, okawaru_gym_becter, nicolae_overflow_hidden_temple,
          gammafunk_ghost_grave, grunt_ministairs_9, nicolae_figureground_pulse
D:4:      cheibrodos_greedy_goblins, layout_gridville,
          mainiacjoe_overflow_tiny_flanked, overflow_temple_1_default,
          st_stairs_11

Skill      XL: |  1  2  3  4  5 |
---------------+----------------+-----
Dodging        | 2 3 |  3.1
Transmutations | 2 3 |  3.1
Unarmed Combat | 3 |  3.7
Fighting       | 2 |  2.9
Spellcasting   | 3 |  3.2

Action                     |  1- 3 |  4- 6 || total
---------------------------+-------+-------++-------
  Melee: Unarmed           |    91 |   117 ||   208
         Kick              |    14 |    27 ||    41
         Punch             |     1 |     2 ||     3
         Headbutt          |     8 |    16 ||    24
   Cast: Beastly Appendage |    19 |    26 ||    45
    Use: Potion            |     1 |     2 ||     3
         Scroll            |     2 |     5 ||     7
 Armour: Skin              |    12 |       ||    12
         Robe              |    13 |    28 ||    41
  Dodge: Dodged            |    54 |    62 ||   116
  Block: Other             |       |    20 ||    20

Table legend: (Time is in decaauts)
 A = Elapsed time spent in this place.
 B = Non-inter-level travel time spent in this place.
 C = Inter-level travel time spent in this place.
 D = Time resting spent in this place.
 E = Time spent auto-exploring this place.
 F = Levels seen in this place.
 G = Mean time per level.
                   A        B        C        D        E       F      G
               +--------+--------+--------+--------+--------+-----+--------+
         Total |   2973 |   2783 |    190 |    160 |   2058 |   4 |  743.2 |
       Dungeon |   2973 |   2783 |    190 |    160 |   2058 |   4 |  743.2 |
               +--------+--------+--------+--------+--------+-----+--------+

Top non-repeatable levels by time:
     D:3: 1088 daAuts
     D:1: 917 daAuts
     D:2: 826 daAuts
     D:4: 141 daAuts
